 Dungeon Crawl Stone Soup version 0.22.1-2-g9c5b331 (webtiles) character file.

125 Caim the Chopper (level 4, -2/34 HPs)
             Began as a Demonspawn Gladiator on Nov 17, 2018.
             Killed from afar by Sigmund (5 damage)
             ... with a magic dart
             ... on level 2 of the Dungeon.
             The game lasted 00:07:41 (1888 turns).

Caim the Chopper (Demonspawn Gladiator)             Turns: 1888, Time: 00:07:42

Health: -2/34      AC:  5    Str: 14    XL:     4   Next: 82%
Magic:  4/4        EV: 12    Int: 10    God:
Gold:   79         SH:  9    Dex: 15    Spells: 3/3 levels left

rFire    + . .     SeeInvis .   a - +0 war axe
rCold    . . .     Gourm    .   p - +2 buckler
rNeg     . . .     Faith    .   b - +0 leather armour
rPois    .         Spirit   .   c - +0 helmet
rElec    .         Reflect  .   e - +0 cloak
rCorr    .         Harm     .   (no gloves)
MR       .....                  (no boots)
Stlth    +.........             (no amulet)
HPRegen  0.11/turn              (no ring)
MPRegen  0.09/turn              (no ring)

@: no status effects
A: large bone plates 1, fire resistance 1
a: no special abilities


You were on level 2 of the Dungeon.
You were not hungry.

You visited 1 branch of the dungeon, and saw 2 of its levels.

You collected 79 gold pieces.

Inventory:

Hand Weapons
 a - a +0 war axe (weapon)
 i - a +3 hunting sling of flaming
Missiles
 j - 52 stones (quivered)
Armour
 b - a +0 leather armour (worn)
 c - a +0 helmet (worn)
 e - a +0 cloak (worn)
 p - a +2 buckler (worn)
Scrolls
 g - a scroll of remove curse
 h - a scroll of noise {unknown}
 k - a scroll of teleportation {unknown}
 l - a scroll of magic mapping {unknown}
 o - 2 scrolls of identify
Comestibles
 f - 4 rations


   Skills:
 * Level 2.4 Fighting
 + Level 3.8 Axes
 * Level 2.4 Throwing
 * Level 1.7 Armour
 * Level 2.9 Dodging
 + Level 0.3 Stealth


You had 3 spell levels left.
You didn't know any spells.
Your spell library was empty.

Dungeon Overview and Level Annotations

Branches:
Dungeon (2/15)

Altars:
Makhleb

Annotations:
D:2 Sigmund


Innate Abilities, Weirdness & Mutations

You are partially covered in large bone plates. (SH +4)
Your flesh is heat resistant. (rF+)


Message History

Press: ? - help, Shift-Dir - straight line You throw a throwing net.
You hit something.
Something wriggles in the net.
All of a sudden the net rips apart!
You barely miss something. Something hits you.
* * * LOW HITPOINT WARNING * * *
It was a potion of curing.
You feel better.
You miss something.
You hear some strange, mumbled words.
Something tries to affect you, but you resist.
Something hits you.
* * * LOW HITPOINT WARNING * * *
You miss something. Something hits you.
* * * LOW HITPOINT WARNING * * *
You barely miss something. You hit something.
You hear some strange, mumbled words.
A magic dart appears from out of thin air!
The magic dart hits you!
You die...

#..##........## ...#
##...........## ....###
#............. #....
##...........#######..#
#..........##≈#∩#≈#...
#..........##≈≈_≈≈#...
#..........##≈≈.≈≈#...
#...........#.≈.≈.#...
#....@......##...##...
#....{.......##'###...
#................÷....
###.#.##.......÷.÷....
#..........###......
#.#####.............
##...###..........###
#.................##.
#...<............###.


There were no monsters in sight!

Vanquished Creatures
  A crimson imp (D:2)
  4 adders (D:2)
  A worm (D:2)
  3 dart slugs (D:2)
  2 leopard geckos
  A giant cockroach (D:1)
  4 hobgoblins (D:2)
  6 jackals (D:1)
  5 kobolds
  A quokka (D:2)
  8 bats
  3 goblins
  8 rats
47 creatures vanquished.

Notes
Turn   | Place    | Note
-------+----------+-------------------------------------------
     0 | D:1      | Caim the Demonspawn Gladiator began the quest for the Orb.
     0 | D:1      | Reached XP level 1. HP: 16/16 MP: 1/1
    85 | D:1      | Gained mutation: You are partially covered in large bone
                  | plates. (SH +4) [demonic ancestry]
    85 | D:1      | Reached XP level 2. HP: 22/22 MP: 2/2
   319 | D:1      | Reached skill level 3 in Axes
   716 | D:2      | Reached skill level 1 in Armour
   754 | D:2      | Gained mutation: Your flesh is heat resistant. (rF+)
                  | [demonic ancestry]
   754 | D:2      | Reached XP level 3. HP: 20/27 MP: 3/3
  1210 | D:2      | Found a burning altar of Makhleb.
  1222 | D:2      | Reached XP level 4. HP: 33/33 MP: 4/4
  1330 | D:2      | Noticed Sigmund
  1685 | D:2      | Found a faded altar of an unknown god.
  1888 | D:2      | Killed from afar by Sigmund

Skill      XL: |  1  2 |
---------------+-------+-----
Throwing       | 2 |  2.4
Axes           | 3 |  3.8
Armour         | 1 |  1.7
Fighting       | |  2.4
Dodging        | |  2.9
Stealth        | |  0.3

Action                   |  1- 3 |  4- 6 || total
-------------------------+-------+-------++-------
Melee: War axe           |    85 |    63 ||   148
Throw: Throwing net      |       |     3 ||     3
  Use: Scroll            |       |     2 ||     2
       Potion            |       |     2 ||     2
 Stab: Held in net/web   |       |     4 ||     4
       Sleeping          |       |     1 ||     1
  Eat: Chunk             |     1 |     2 ||     3
Armor: Leather armour    |    33 |    19 ||    52
Dodge: Dodged            |   103 |    46 ||   149
Block: Other             |    26 |     3 ||    29
       Buckler           |       |    21 ||    21
